 Dungeon Crawl Stone Soup version 0.31-a0-150-g89dc3ad700 (webtiles) character file.

Game seed: 2165299475405199868

595 qw the Shooter (level 7, -1/60 HPs)
             Began as a Minotaur Hunter on June 8, 2023.
             Slain by Menkaure (9 damage)
             ... on level 4 of the Dungeon.
             The game lasted 00:01:17 (3500 turns).

qw the Shooter (Minotaur Hunter)                    Turns: 3500, Time: 00:01:17

Health: -1/60      AC:  3    Str: 15    XL:     7   Next: 16%
Magic:  6/6        EV: 13    Int:  6    God:
Gold:   235        SH:  0    Dex: 16    Spells: 6/6 levels left

rFire   + . .        Y - +0 shortbow
rCold   . . .        (shield currently unavailable)
rNeg    . . .        c - +1 robe "Toepawuu" {rF+ Will+}
rPois   .            (helmet restricted)
rElec   .            (no cloak)
rCorr   .            (no gloves)
SInv    .            (no boots)
Will    +....        (no amulet)
Stlth   ++           (no ring)
HPRegen 0.30/turn    (no ring)
MPRegen 0.10/turn

%: no passive effects
@: about to teleport
A: horns 2, retaliatory headbutt
a: no special abilities


You were on level 4 of the Dungeon.
You visited 1 branch of the dungeon, and saw 4 of its levels.

You collected 235 gold pieces.


Innate Abilities, Weirdness & Mutations

You have a pair of horns on your head.
You reflexively headbutt those who attack you in melee.


   Skills:
 - Level 4.9 Fighting
 + Level 7.8 Ranged Weapons
 - Level 2.5 Armour
 - Level 3.3 Dodging
 - Level 0.7 Stealth


You had 6 spell levels left.
You didn't know any spells.
Your spell library was empty.

Inventory:

Hand Weapons
 Y - a +0 shortbow (weapon)
Armour
 c - the +1 robe "Toepawuu" (worn) {rF+ Will+}
   (You found it on level 2 of the Dungeon)

   rF:        It protects you from fire.
   Will:      It increases your willpower.
 h - a +0 ring mail
Scrolls
 b - a scroll of identify
 d - a scroll of enchant weapon {unknown}
Potions
 a - a potion of curing
 e - a potion of haste
 f - a potion of enlightenment {unknown}
 i - a potion of might {unknown}

Dungeon Overview and Level Annotations

Branches:
Dungeon (4/15)
 Temple: D:4-7

Altars:

Annotations:
D:3 1 runed translucent door, qw's ghost, amateur MiHu
D:4 Menkaure


Message History

Enter note:
Enter note: You shoot an arrow.
The arrow hits Menkaure but does no damage.
You shoot an arrow. The arrow hits Menkaure!
Menkaure is heavily damaged.
You shoot an arrow. The arrow barely misses Menkaure.
You shoot an arrow. The arrow hits Menkaure.
Menkaure is severely damaged.
Menkaure grins.
You shoot an arrow.
The arrow hits Menkaure but does no damage.
Menkaure is severely damaged.
You shoot an arrow. The arrow hits Menkaure.
Menkaure is almost destroyed.
Menkaure draws the symbol "Udjat" in the dust.
Menkaure gestures at you while chanting.
You resist with some effort.
You shoot an arrow.
The arrow hits Menkaure but does no damage.
Menkaure is almost destroyed.
Menkaure gestures wildly while chanting.
Menkaure seems to speed up.
You shoot an arrow.
The arrow hits Menkaure but does no damage.
Menkaure is almost destroyed.
Menkaure calls on the powers of darkness!
Your body is wracked with pain!
You shoot an arrow.
The arrow hits Menkaure but does no damage.
Menkaure is almost destroyed.
Menkaure hits you!
3499 ||| READING scroll of teleportation.
As you read the scroll of teleportation, it crumbles to dust.
You feel strangely unstable.
Menkaure gestures at you while chanting.
Pain shoots through your body!
You shoot an arrow. The arrow completely misses Menkaure.
Menkaure misses you. Menkaure hits you!
You die...

#######..#####..........
#.................
####'#######.#.######
#.........##.#..#
#......)..##.##.#
#.........##.##.#
#.........##.##.# ###
####'#######.##.###..
#@# #.##..##..
#.M....##......'..
#.(....##.###.##..
#......## #.##..
#........ ..##..
#.......# ##.##..
#.......# #.####
.......<# #.#
#################.####


You could see Menkaure (fast).

Vanquished Creatures
  A sky beast (D:4)
  A black bear (D:2)
  A phantom (D:4)
  A scorpion (D:4)
  Terence (D:2)
  2 orc wizards
  5 adders
  7 gnolls
  A worm (D:2)
  4 orcs
  10 ball pythons
  7 endoplasms
  3 giant cockroaches
  5 goblins
  6 hobgoblins
  2 jackals (D:2)
  5 quokkas
  7 bats
  5 frilled lizards
  5 kobolds
  6 rats
85 creatures vanquished.

Notes
Turn   | Place    | Note
-------+----------+-------------------------------------------
     0 | D:1      | qw the Minotaur Hunter began the quest for the Orb.
     0 | D:1      | Reached XP level 1. HP: 18/18 MP: 0/0
     0 | D:1      | 0 ||| qw: Version: 0.2-a-119-g0488c42
     0 | D:1      | 0 ||| qw: Game counter: 2701
     0 | D:1      | 0 ||| qw: Always use a shield: true
     0 | D:1      | 0 ||| qw: God list: Okawaru
     0 | D:1      | 0 ||| qw: Allow faded altars: false
     0 | D:1      | 0 ||| qw: Do Orc after D:15 true
     0 | D:1      | 0 ||| qw: Do second Lair branch before Depths: true
     0 | D:1      | 0 ||| qw: Lair rune preference: random
     0 | D:1      | 0 ||| qw: Plans: Normal
     0 | D:1      | 0 ||| PLANNING D:1-11
   177 | D:1      | Reached XP level 2. HP: 25/25 MP: 1/1
   269 | D:1      | Reached skill level 5 in Ranged Weapons
   907 | D:1      | 907 ||| UPGRADING to +0 ring mail.
   917 | D:1      | 917 ||| DROPPING +0 leather armour.
   918 | D:1      | 918 ||| READING scroll labelled BIOXKU HIJICIGH.
   919 | D:1      | 919 ||| READING scroll labelled PARULI MAESOMU.
   922 | D:1      | 922 ||| READING scroll labelled YZXIUD IF VET.
   923 | D:1      | 923 ||| READING scroll labelled MOITTE TUPANNAVUENT.
   924 | D:1      | 924 ||| DROPPING scroll of butterflies.
   975 | D:2      | Noticed Terence
   982 | D:2      | HP: 6/25 [Terence/+0 flail (5)]
   984 | D:2      | Killed Terence
   985 | D:2      | Reached XP level 3. HP: 8/30 MP: 2/2
  1071 | D:2      | Found a faded altar of an unknown god.
  1136 | D:2      | Reached skill level 3 in Fighting
  1140 | D:2      | Reached XP level 4. HP: 19/38 MP: 3/3
  1146 | D:2      | HP: 2/38 [gnoll/+0 flail (9)]
  1579 | D:2      | Identified the +1 robe "Toepawuu" {rF+ Will+}
  1628 | D:2      | Reached skill level 6 in Ranged Weapons
  1651 | D:2      | Reached XP level 5. HP: 45/45 MP: 4/4
  1685 | D:2      | 1685 ||| UPGRADING to +1 robe "Toepawuu" {rF+ Will+}.
  1695 | D:2      | 1695 ||| READING 2 scrolls labelled ACKOSAOPNOE.
  1696 | D:2      | 1696 ||| DRINKING 2 silvery potions.
  1741 | D:3      | Noticed a black bear
  1747 | D:3      | 1747 ||| STAIRDANCE
  1751 | D:2      | HP: 11/45 [black bear (6)]
  1752 | D:2      | HP: 3/45 [black bear (3)]
  1753 | D:2      | Killed a black bear
  2127 | D:3      | Found a runed translucent door.
  2132 | D:3      | Noticed qw's ghost (amateur MiHu)
  2273 | D:3      | Reached XP level 6. HP: 20/55 MP: 5/5
  2273 | D:3      | 2273 ||| FLEEEEING.
  2274 | D:3      | 2274 ||| FLEEEEING.
  2275 | D:3      | 2275 ||| FLEEEEING.
  2276 | D:3      | 2276 ||| FLEEEEING.
  2277 | D:3      | 2277 ||| FLEEEEING.
  2278 | D:3      | 2278 ||| FLEEEEING.
  2280 | D:3      | 2280 ||| FLEEEEING.
  2281 | D:3      | 2281 ||| FLEEEEING.
  2283 | D:3      | 2283 ||| FLEEEEING.
  2284 | D:3      | 2284 ||| FLEEEEING.
  2285 | D:3      | 2285 ||| FLEEEEING.
  2287 | D:3      | 2287 ||| FLEEEEING.
  2288 | D:3      | 2288 ||| FLEEEEING.
  2289 | D:3      | 2289 ||| FLEEEEING.
  2290 | D:3      | 2290 ||| FLEEEEING.
  2291 | D:3      | 2291 ||| FLEEEEING.
  2292 | D:3      | 2292 ||| FLEEEEING.
  2293 | D:3      | 2293 ||| FLEEEEING.
  2294 | D:3      | 2294 ||| FLEEEEING.
  2295 | D:3      | 2295 ||| FLEEEEING.
  2296 | D:3      | 2296 ||| FLEEEEING.
  2297 | D:3      | 2297 ||| FLEEEEING.
  2298 | D:3      | 2298 ||| FLEEEEING.
  2299 | D:3      | 2299 ||| FLEEEEING.
  2300 | D:3      | 2300 ||| FLEEEEING.
  2301 | D:3      | 2301 ||| FLEEEEING.
  2302 | D:3      | 2302 ||| STAIRDANCE
  2424 | D:2      | 2424 ||| DRINKING 3 inky potions.
  2529 | D:2      | 2529 ||| READING 3 scrolls of identify.
  2529 | D:2      | 2529 ||| IDENTIFYING glowing black potion
  2530 | D:2      | 2530 ||| READING 2 scrolls of identify.
  2530 | D:2      | 2530 ||| IDENTIFYING purple potion
  2531 | D:2      | 2531 ||| DROPPING 2 potions of berserk rage.
  2532 | D:2      | 2532 ||| DROPPING potion of degeneration.
  2538 | D:3      | 2538 ||| STAIRDANCE
  2932 | D:3      | 2932 ||| DRINKING 2 coppery potions.
  2933 | D:3      | 2933 ||| DROPPING potion of brilliance.
  3211 | D:4      | Reached skill level 7 in Ranged Weapons
  3227 | D:4      | Reached skill level 3 in Dodging
  3355 | D:4      | Noticed a sky beast
  3366 | D:4      | Killed a sky beast
  3367 | D:4      | Reached XP level 7. HP: 37/60 MP: 6/6
  3489 | D:4      | Noticed Menkaure
  3498 | D:4      | HP: 14/60 [Menkaure (17)]
  3499 | D:4      | 3499 ||| READING scroll of teleportation.
  3500 | D:4      | Slain by Menkaure

Levels and vault maps discovered:
D:1:      dpeg_arrival_central, layout_basic
D:2:      layout_basic, shapermc_ecumenical_altar_rom_forum,
          minmay_stone_trees_small, uniq_terence
D:3:      layout_basic, ebering_ghost_reflecting_pool
D:4:      layout_basic, uniq_duvessa, uniq_menkaure

Skill      XL: |  1  2  3  4  5  6 |
---------------+-------------------+-----
Ranged Weapons | 5 6 7 |  7.8
Armour         | 2 |  2.5
Fighting       | 3 4 |  4.9
Dodging        | 3 |  3.3
Stealth        | |  0.7

Action                     |  1- 3 |  4- 6 |  7- 9 || total
---------------------------+-------+-------+-------++-------
   Fire: Shortbow          |    66 |   206 |    11 ||   283
    Use: Scroll            |     4 |     3 |     1 ||     8
         Potion            |       |     3 |       ||     3
 Armour: Ring mail         |     7 |    14 |       ||    21
         Robe              |       |    16 |       ||    16
  Dodge: Dodged            |    23 |    48 |     1 ||    72

Table legend:
 A = Non-vault XP
 B = Vault XP
 C = Vault XP percentage of total XP
 D = Non-vault monster count
 E = Vault monster count
 F = Vault count percentage of total count
                 A         B        C        D         E       F
            +---------+---------+-------+---------+---------+-------
      Total |     812 |      38 |   4.5 |      84 |       1 |   1.2
            +---------+---------+-------+---------+---------+-------
        D:1 |      21 |       0 |   0.0 |      13 |       0 |   0.0
        D:2 |     307 |      38 |  11.0 |      33 |       1 |   2.9
        D:3 |      85 |       0 |   0.0 |      17 |       0 |   0.0
        D:4 |     399 |       0 |   0.0 |      21 |       0 |   0.0
            +---------+---------+-------+---------+---------+-------
